 Dungeon Crawl Stone Soup version 0.29-a0-559-g359e09b9d1 (console) character file.

Game seed: 13808358488702919384

39 om the Magician (level 3, 0/25 HPs)
             Began as a Djinni Hedge Wizard on June 9, 2022.
             Slain by a gnoll
             ... wielding a +1 flail of holy wrath
              (4 damage)
             ... on level 1 of the Dungeon.
             The game lasted 00:03:33 (1299 turns).

om the Magician (Djinni Hedge Wizard)               Turns: 1299, Time: 00:03:33

Health: 0/25       AC:  2    Str: 11    XL:     3   Next: 67%
Gold:   77         EV: 12    Int: 15    God:
                   SH:  0    Dex: 12

rFire   + + .      SeeInvis .   d - +0 dagger
rCold   . . .      Faith    .   (no shield)
rNeg    . . .      Spirit   .   b - +0 robe
rPois   ∞          Reflect  .   c - +0 hat
rElec   .          Harm     .   (no cloak)
rCorr   .          Rampage  .   (no gloves)
Will    .....                   (boots unavailable)
Stlth   ++........              (no amulet)
HPRegen 0.08/turn               f - ring of wizardry
MPRegen 0.00/turn               h - ring of protection from cold

@: on blink cooldown, flying
A: sickness immunity, fire resistance 2, cold vulnerability 1, float, innate
caster, HP casting, extra vitality 1
a: no special abilities


You were on level 1 of the Dungeon.
You visited 1 branch of the dungeon, and saw 2 of its levels.

You collected 77 gold pieces.

Inventory:

Hand Weapons
 d - a +0 dagger (weapon)
Armour
 b - a +0 robe (worn)
 c - a +0 hat (worn)
Jewellery
 f - a ring of wizardry (left hand)
 h - a ring of protection from cold (right hand)
Potions
 e - a potion of curing
 g - a potion of lignification {unknown}
 i - a potion of invisibility {unknown}
 j - a potion of cancellation {unknown}


   Skills:
 + Level 2.3 Dodging
 + Level 1.7 Stealth
 * Level 3.3 Spellcasting


You couldn't memorise any spells.
You knew the following spells:

 Your Spells              Type           Power      Damage    Failure   Level
a - Magic Dart            Conj           48%        1d5       1%          1
b - Blink                 Tloc           24%        N/A       3%          2
c - Call Imp              Summ           12%        N/A       3%          2
d - Slow                  Hex            48%        N/A       1%          1
e - Conjure Flame         Conj/Fire      12%        6-21      6%          3
f - Mephitic Cloud        Conj/Pois/Air  12%        N/A       6%          3
g - Apportation           Tloc           24%        N/A       1%          1
Your spell library was empty.

Dungeon Overview and Level Annotations

Branches:
Dungeon (2/15)

Altars:


Innate Abilities, Weirdness & Mutations

You are immune to sickness and miasma.
You are immune to poison.
Your flesh is very heat resistant. (rF++)
You are vulnerable to cold. (rC-)
You float through the air rather than walking.
You learn spells naturally, not from books.
Your magical power is your life essence.
You have superior vitality. (+4 MHP)


Message History

Confirm with . or Enter, or press ? or * to list all spells.
You don't know that spell.
Casting: Blink (safe; 3% risk of failure)
Confirm with . or Enter, or press ? or * to list all spells.
Aiming: Slow (safe; 1% risk of failure)
Press: ? - help, Shift-Dir - straight line, f - gnoll
Aim: a gnoll, wielding a +1 flail of holy wrath and quivering a throwing net (chance to affect: 60%)
The gnoll resists with significant effort.
Casting: Slow (safe; 1% risk of failure)
Confirm with . or Enter, or press ? or * to list all spells.
You don't know that spell.
Casting: Slow (safe; 1% risk of failure)
Confirm with . or Enter, or press ? or * to list all spells.
A beastly little devil appears in a puff of flame.
The gnoll barely misses you.
Casting: Call Imp (safe; 3% risk of failure)
Confirm with . or Enter, or press ? or * to list all spells.
Aiming: Slow (safe; 1% risk of failure)
Press: ? - help, Shift-Dir - straight line, f/p - gnoll
Aim: a gnoll, wielding a +1 flail of holy wrath and quivering a throwing net (ally target, chance to affect: 60%)
The gnoll resists with significant effort.
* * * LOW HITPOINT WARNING * * *
The gnoll closely misses you.
Your crimson imp blinks!
The gnoll attacks as you move away! The gnoll completely misses you.
You feel stable enough to blink again.
You see here a +0 whip.
Casting: Slow (safe; 1% risk of failure)
Confirm with . or Enter, or press ? or * to list all spells.
You blink.
* * * LOW HITPOINT WARNING * * *
The gnoll throws a throwing net.
The throwing net hits you.
You become entangled in the net!
You tear a large gash into the net.
You struggle against the net.
The gnoll hits you with a +1 flail of holy wrath.
* * * LOW HITPOINT WARNING * * *
You shred the net and break free! The gnoll barely misses you.
You swap places.
The gnoll attacks as you move away!
The gnoll hits you with a +1 flail of holy wrath.
You die...

#.#### #.#
##....##.# #.# #.#
####....# #.# #.#
###... #.# #.#
####.... #.# #.#
#....#.. #.# #.#
##.#####. #.# #)#
##..# ## #.# #g##
#..## # #.# #@)#
#.## #.## ##>#
###.# #..##
#.####...########
##..##
#.##...####......
##..########.##.###
#.#####
##.##)..#+.......#
#'#...#
#.#...[.#..####.#
##.....
#.#.....#..###⌠.##
#..<..
###.....#....##..#
##.....


You could see a gnoll (ally target) and a friendly crimson imp (summoned).

Vanquished Creatures
  A gnoll (D:1)
  A dart slug (D:1)
  2 bats
  5 endoplasms (D:1)
  2 giant cockroaches
  2 goblins
  2 hobgoblins (D:1)
  2 jackals (D:1)
  2 kobolds (D:1)
  A ball python (D:1)
  2 frilled lizards (D:1)
  2 rats (D:1)
24 creatures vanquished.

Notes
Turn   | Place    | Note
-------+----------+-------------------------------------------
     0 | D:1      | om the Djinni Hedge Wizard began the quest for the Orb.
     0 | D:1      | Reached XP level 1. HP: 15/15 MP: 0/0
   247 | D:1      | Found a faded altar of an unknown god.
   279 | D:1      | Reached XP level 2. HP: 18/21 MP: 0/0
   576 | D:1      | Reached skill level 3 in Spellcasting
   636 | D:1      | Reached XP level 3. HP: 23/25 MP: 0/0
   636 | D:1      | Learned a level 1 spell: Apportation
  1299 | D:1      | Slain by a gnoll

Illustrated notes

Levels and vault maps discovered:
D:1:      noname_arrival_rooms_in_the_neighbourhood, layout_rooms,
          chequers_ecumenical_altar_simple_redux, minmay_tiny_reverse_x
D:2:      layout_loops_cross

Skill      XL: |  1  2 |
---------------+-------+-----
Spellcasting   | 3 |  3.3
Dodging        | |  2.3
Stealth        | |  1.7

Action                   || total
-------------------------++-------
Melee: Dagger            ||     2
 Cast: Magic Dart        ||    46
       Blink             ||     3
       Slow              ||     2
       Call Imp          ||     1
  Use: Scroll            ||     1
       Potion            ||     1
 Stab: Sleeping          ||     1
Armor: Robe              ||     1
Dodge: Dodged            ||    13

Table legend: (Time is in decaauts)
 A = Elapsed time spent in this place.
 B = Non-inter-level travel time spent in this place.
 C = Inter-level travel time spent in this place.
 D = Time resting spent in this place.
 E = Time spent auto-exploring this place.
 F = Levels seen in this place.
 G = Mean time per level.
                   A        B        C        D        E       F      G
               +--------+--------+--------+--------+--------+-----+--------+
         Total |   1298 |   1254 |     44 |    211 |    924 |   2 |  649.0 |
       Dungeon |   1298 |   1254 |     44 |    211 |    924 |   2 |  649.0 |
               +--------+--------+--------+--------+--------+-----+--------+

Top non-repeatable levels by time:
     D:1: 1256 daAuts
     D:2: 42 daAuts
